 Dungeon Crawl Stone Soup version 0.30.0-5-g1a98f26d00 (webtiles) character file.

Game seed: 687185330135415959

70 monsoonserge the Chiller (level 4, -10/34 HPs)
             Began as a Ghoul Ice Elementalist on May 10, 2023.
             Killed by divine providence
             ... invoked by an orc priest
              (14 damage)
             ... on level 3 of the Dungeon.
             The game lasted 00:07:53 (1862 turns).

monsoonserge the Chiller (Ghoul Ice Elementalist)   Turns: 1862, Time: 00:07:54

Health: -10/34     AC:  6    Str: 11    XL:     4   Next: 21%
Magic:  5/6        EV: 10    Int: 12    God:
Gold:   30         SH:  2    Dex:  9    Spells: 3/7 levels left

rFire   + +          .
                       - Unarmed
rCold   + . .        t - +0 buckler
rNeg    + + +        n - +3 leather armour
rPois   ∞            (no helmet)
rElec   .            (no cloak)
rCorr   .            (no gloves)
SInv    .            (no boots)
Will    .....        (no amulet)
Stlth   ++           g - ring of protection from fire
HPRegen 0.00/turn    i - ring of protection from fire
MPRegen 0.10/turn

%: no passive effects
@: inhibited regen
A: claws 1, cold resistance 1, negative energy resistance 3, inhibited
regeneration, torment resistance 2, devour on kill
a: no special abilities


You were on level 3 of the Dungeon.
You visited 1 branch of the dungeon, and saw 3 of its levels.

You collected 66 gold pieces.
You spent 36 gold pieces at shops.

Inventory:

Missiles
 c - 14 stones
 d - 4 poisoned darts
Armour
 l - an orb of guile
 n - a +3 leather armour (worn)
 t - a +0 buckler (worn)
Jewellery
 g - a ring of protection from fire (left claw)
 i - a ring of protection from fire (right claw)
 m - an amulet of faith
Scrolls
 f - 2 scrolls of identify {unknown}
 h - 2 scrolls of immolation
 k - a scroll of enchant armour {unknown}
 q - a scroll of teleportation
 r - a scroll of poison {unknown}
Potions
 a - a potion of mutation {unknown}
 b - a potion of magic
 e - 2 potions of brilliance {unknown}
 j - a potion of flight {unknown}
 o - a potion of attraction {unknown}
 p - a potion of invisibility {unknown}
 s - a potion of heal wounds {unknown}


   Skills:
 + Level 0.3 Fighting
 * Level 0.1 Armour
 + Level 1.8 Dodging
 + Level 2.4 Stealth
 + Level 1.2 Unarmed Combat
 + Level 2.2 Spellcasting
 * Level 5.4 Ice Magic


You had 3 spell levels left.
You knew the following spells:

 Your Spells              Type           Power      Damage    Failure   Level
a - Freeze                Ice            56%        1d7       6%          1
b - Frozen Ramparts       Ice            28%        1d5       17%         3

Your spell library contained the following spells:

 Spells                   Type           Power      Damage    Failure   Level
 Ozocubu's Armour         Ice            14%        N/A       17%         3
 Summon Ice Beast         Ice/Summ       7%         N/A       86%         4


Dungeon Overview and Level Annotations

Branches:
Dungeon (3/15)

Altars:

Shops:
D:2 ?:[*


Innate Abilities, Weirdness & Mutations

You are immune to poison.
You have sharp fingernails.
Your flesh is cold resistant. (rC+)
You are immune to negative energy. (rN+++)
You do not regenerate when monsters are visible.
You are immune to unholy pain and torment.
You thrive by killing the living.


Message History

The goblin hits you with a +0 club.
You barely miss the goblin. The goblin closely misses you.
You barely miss the goblin. You block the goblin's attack.
You scratch the goblin.
You kill the goblin!
You feel better.
Things that are here:
a +0 club; a +0 sling; a goblin corpse You hear the slow rusting of a drain nearby.
An orc priest comes into view. It is wielding a +0 war axe.
Found an escape hatch in the ceiling.
The orc priest shouts!
You hear a shout! x3 2 orcs come into view.
An orc priest comes into view. It is wielding a +0 club.
A goblin comes into view. It is wielding a +0 club.
You barely miss the orc priest. The orc priest barely misses you.
Casting: Freeze (safe; 6% risk of failure)
Confirm with . or Enter, or press ? or * to list all spells.
Aiming: Freeze (safe; 6% risk of failure)
Press: ? - help, Shift-Dir - straight line, f - orc priest
Aim: an orc priest, wielding a +0 war axe and wearing a +0 leather armour You freeze the orc priest.
The orc priest is lightly wounded.
The orc priest shouts!
The orc priest mumbles some strange prayers to Beogh against you.
Beogh smites you!
The orc drinks a potion.
The orc goes berserk!
The orc priest begins to cast a cantrip, but forgets the words!
The orc priest barely misses you.
The orc rages.
The orc priest invokes the aid of Beogh against you.
Beogh smites you!
The orc priest looks braver for a moment.
The orc attacks as you move away! The orc hits you with a +0 club.
* * * LOW HITPOINT WARNING * * *
The orc hits you with a +0 club.
* * * LOW HITPOINT WARNING * * *
The orc priest invokes the aid of Beogh against you.
Beogh smites you!
You die...

.####
########....#
##...##......#
##)...........#.
#...............
#..).....o...<.#
#.......o....o..
##......o.g..#..
##...#.@..#.#
#######....#### #
#..........# #
#......<...####..
#.......>........
#................
#..........#.....
#..........#.....
#..........# ....


You could see 2 orc priests, 2 orcs and a goblin.

Vanquished Creatures
  2 adders
  A worm (D:2)
  2 dart slugs (D:1)
  3 ball pythons
  8 bats
  3 endoplasms (D:2)
  A giant cockroach (D:1)
  4 hobgoblins
  7 jackals (D:1)
  2 frilled lizards (D:1)
  2 goblins
  4 kobolds
  3 rats
42 creatures vanquished.

Notes
Turn   | Place    | Note
-------+----------+-------------------------------------------
     0 | D:1      | monsoonserge the Ghoul Ice Elementalist began the quest for
                  | the Orb.
     0 | D:1      | Reached XP level 1. HP: 14/14 MP: 2/2
   135 | D:1      | Reached XP level 2. HP: 11/20 MP: 1/3
   447 | D:1      | Reached skill level 5 in Ice Magic
   616 | D:1      | Reached XP level 3. HP: 16/26 MP: 2/5
   651 | D:1      | Learned a level 3 spell: Frozen Ramparts
  1285 | D:2      | Found Gakeaf's General Store.
  1363 | D:2      | Found Loyh's Antique Armour Shoppe.
  1398 | D:2      | Found a faded altar of an unknown god.
  1559 | D:2      | Found Poaghett's Magic Scroll Shop.
  1572 | D:2      | Bought a scroll of teleportation for 36 gold pieces
  1584 | D:2      | Found Janidweg's Book Shoppe.
  1646 | D:2      | Reached skill level 1 in Unarmed Combat
  1646 | D:2      | Reached XP level 4. HP: 31/34 MP: 1/6
  1862 | D:3      | Killed from afar by an orc priest

Illustrated notes

Levels and vault maps discovered:
D:1:      dpeg_arrival_erosion, layout_basic, nicolae_kite_square_tiling_tiny
D:2:      layout_rooms, serial_shops, shop, nicolae_shop_crystal, shop, shop,
          hellmonk_ecumenical_altar_blasted, palyth_stone_intersect
D:3:      layout_rooms, cheibrodos_sewer_entry_sluice

Skill      XL: |  1  2  3 |
---------------+----------+-----
Spellcasting   | 2 |  2.2
Ice Magic      | 5 |  5.4
Unarmed Combat | 1 |  1.2
Fighting       | |  0.3
Armour         | |  0.1
Dodging        | |  1.8
Stealth        | |  2.4

Action                     |  1- 3 |  4- 6 || total
---------------------------+-------+-------++-------
  Melee: Unarmed           |   113 |    12 ||   125
         Punch             |     3 |       ||     3
   Cast: Freeze            |    35 |     2 ||    37
   Stab: Sleeping          |     3 |       ||     3
         Distracted        |     1 |       ||     1
 Armour: Robe              |    16 |       ||    16
         Leather armour    |    22 |     4 ||    26
  Dodge: Dodged            |    81 |    13 ||    94
  Block: Buckler           |       |     2 ||     2
